 Dungeon Crawl Stone Soup version 0.31-a0-819-gf6de2f5ab6 (webtiles) character file.

Game seed: 2050731615482132724

14 Shayle the Vexing (level 2, -1/28 HPs)
             Began as an Ogre Hexslinger on Sept 23, 2023.
             Slain by an adder (2 damage)
             ... on level 1 of the Dungeon.
             The game lasted 00:00:54 (717 turns).

Shayle the Vexing (Ogre Hexslinger)                  Turns: 717, Time: 00:00:54

Health: -1/28      AC:  3    Str: 11    XL:     2   Next: 41%
Magic:  4/4        EV: 10    Int: 14    God:
Gold:   80         SH:  0    Dex: 11    Spells: 4/4 levels left

rFire   . . .        a - +1 sling
rCold   . . .        (no shield)
rNeg    . . .        c - +0 robe
rPois   .            (helmet restricted)
rElec   .            (no cloak)
rCorr   .            (gloves unavailable)
SInv    .            (boots unavailable)
Will    .....        (no amulet)
Stlth   +            (no ring)
HPRegen 0.24/turn    (no ring)
MPRegen 0.09/turn

%: no passive effects
@: no status effects
A: large, unfitting armour, tough skin 1
a: no special abilities


You were on level 1 of the Dungeon.
You visited 1 branch of the dungeon, and saw 2 of its levels.

You collected 80 gold pieces.

Inventory:

Hand Weapons
 a - a +1 sling (weapon)
Armour
 c - a +0 robe (worn)
Scrolls
 b - a scroll of poison
 d - a scroll of noise {unknown}


   Skills:
 + Level 1.9 Fighting
 - Level 1.3 Ranged Weapons
 - Level 1.7 Dodging
 + Level 1.6 Spellcasting
 - Level 2.6 Hexes
 + Level 1.3 Fire Magic
 + Level 0.9 Invocations


You had 4 spell levels left.
You didn't know any spells.
Your spell library contained the following spells:

 Spells                   Type           Power      Damage    Failure   Level
 Jinxbite                 Hex            16%        N/A       12%         2
 Sigil of Binding         Hex            8%         N/A       24%         3
 Inner Flame              Hex/Fire       6%         N/A       32%         3
 Cause Fear               Hex            4%         N/A       63%         4
 Dimensional Bullseye     Hex/Tloc       2%         N/A       80%         4


Dungeon Overview and Level Annotations

Branches:
Dungeon (2/15)

Altars:
Wu Jian

Annotations:
D:2 Terence


Innate Abilities, Weirdness & Mutations

You are too large for most types of armour.
You have tough skin. (AC +1)


Message History

You are poisoned.
The adder poisons you!
You shoot a sling bullet.
The sling bullet closely misses the adder.
You feel sick. The adder bites you.
You are more poisoned.
The adder poisons you! The adder closely misses you.
You shoot a sling bullet.
The sling bullet closely misses the adder.
* * * LOW HITPOINT WARNING * * *
You feel very sick.
The adder bites you but does no damage. x2
You shoot a sling bullet.
The sling bullet hits the adder but does no damage.
The adder is lightly wounded.
You feel sick. The adder barely misses you.
You shoot a sling bullet.
The sling bullet closely misses the adder.
You feel sick. The adder bites you but does no damage.
The adder barely misses you.
You aren't carrying any potions.
You shoot a sling bullet.
The sling bullet barely misses the adder.
You feel sick. The adder bites you.
* * * LOW HITPOINT WARNING * * *
The adder barely misses you.
You shoot a sling bullet.
The sling bullet barely misses the adder.
* * * LOW HITPOINT WARNING * * *
You feel sick. The adder closely misses you.
You shoot a sling bullet.
The sling bullet barely misses the adder.
* * * LOW HITPOINT WARNING * * *
You feel sick.
You are no longer poisoned.
The adder bites you but does no damage. The adder barely misses you.
You shoot a sling bullet. The sling bullet hits the adder!
The adder is almost dead.
The adder bites you.
You die...

##.##...............#####........
##.#...#..#####.##### #.###.#..
..........### #.# #.# #.#.#
##..........###.# #.# #.#.#
####.#.###..##.# #######.# #.#.#
##.....#####..#####.......# #.#.#
...##..#...#..#...#.#####.# #.#.#
#..#####...#..#..S#.# #.# #.#.#
...# #...#..'.@.### ##.# #.#.#
.#.# #...#[.#...######..# #.#.#
.#.# #...####...#.......###.#.#
.#.# ###'######'#######......#.#
.#.####...##..##...## #..#####.#
.#.##...............## #..# #.#
.#.##.#...##..##.....###.)# #.#
.#.....#''######'##.......# #.#
.#######...####...##.####.#####.#


You could see an adder.

Vanquished Creatures
  A ball python (D:1)
  A giant cockroach (D:1)
  2 goblins (D:1)
  A hobgoblin (D:1)
  A quokka (D:1)
  3 bats (D:1)
  A frilled lizard (D:1)
  A kobold (D:1)
  2 rats (D:1)
13 creatures vanquished.

Notes
Turn   | Place    | Note
-------+----------+-------------------------------------------
     0 | D:1      | Shayle the Ogre Hexslinger began the quest for the Orb.
     0 | D:1      | Reached XP level 1. HP: 19/19 MP: 2/2
    76 | D:1      | Reached skill level 1 in Fire Magic
   379 | D:1      | Reached XP level 2. HP: 28/28 MP: 2/4
   692 | D:2      | Found an ornate altar of the Wu Jian Council.
   697 | D:2      | Noticed Terence
   715 | D:1      | HP: 1/28 [poisoned by an adder]
   717 | D:1      | Slain by an adder

Illustrated notes

Levels and vault maps discovered:
D:1:      dpeg_arrival_houses_and_road, layout_loops_ring,
          hangedman_decor_points, serial_bayou_pond_b, minmay_tromino_v4_c
D:2:      layout_loops_cross, basic_altar, minmay_misc_feat_secret_circle,
          kennysheep_cluttered_room, nicolae_shop_vocational, uniq_terence

Skill      XL: |  1 |
---------------+----+-----
Fire Magic     | 1 |  1.3
Fighting       | |  1.9
Ranged Weapons | |  1.3
Dodging        | |  1.7
Spellcasting   | |  1.6
Hexes          | |  2.6
Invocations    | |  0.9

Action                     || total
---------------------------++-------
   Fire: Sling             ||    62
 Armour: Robe              ||    36
  Dodge: Dodged            ||    36

Table legend: (Time is in decaauts)
 A = Elapsed time spent in this place.
 B = Non-inter-level travel time spent in this place.
 C = Inter-level travel time spent in this place.
 D = Time resting spent in this place.
 E = Time spent auto-exploring this place.
 F = Levels seen in this place.
 G = Mean time per level.
                   A        B        C        D        E       F      G
               +--------+--------+--------+--------+--------+-----+--------+
         Total |    737 |    696 |     41 |      0 |    572 |   2 |  368.5 |
       Dungeon |    737 |    696 |     41 |      0 |    572 |   2 |  368.5 |
               +--------+--------+--------+--------+--------+-----+--------+

Top non-repeatable levels by time:
     D:1: 725 daAuts
     D:2: 12 daAuts
